 Dungeon Crawl Stone Soup version 0.22-a0-469-gf26638a71f (webtiles) character file.

533 Kriby the Chopper (level 7, 0/56 HPs)
             Began as a Human Abyssal Knight on June 11, 2018.
             Was a Believer of Lugonu.
             Succumbed to Dowan's poison
             ... on level 4 of the Dungeon.
             The game lasted 00:03:48 (3256 turns).

Kriby the Chopper (Human Abyssal Knight)            Turns: 3256, Time: 00:03:48

Health: 0/56       AC:  7    Str: 12 (15) XL:     7   Next: 49%
Magic:  8/8        EV:  8    Int: 11 (12) God:    Lugonu [**....]
Gold:   155        SH:  5    Dex: 11 (12) Spells: 6/6 levels left

rFire    . . .     SeeInvis .   a - +1 hand axe
rCold    . . .     Gourm    .   n - +2 buckler
rNeg     . . .     Faith    .   p - +0 scale mail
rPois    .         Spirit   .   (no helmet)
rElec    .         Reflect  .   (no cloak)
rCorr    .         Harm     .   (no gloves)
MR       .....                  e - +0 pair of boots
Stlth    ..........             i - amulet of regeneration
HPRegen  0.58/turn              (no ring)
MPRegen  0.11/turn              (no ring)

@: lethally poisoned (0 -> -13)
A: no striking features
a: Depart the Abyss, Bend Space, Renounce Religion


You were on level 4 of the Dungeon.
You worshipped Lugonu.
Lugonu was pleased with you.
You were not hungry.

You visited 1 branch of the dungeon, and saw 4 of its levels.
You visited the Abyss 1 time.

You collected 155 gold pieces.

Inventory:

Hand Weapons
 a - a +1 hand axe (weapon)
Armour
 b - a +0 leather armour
 e - a +0 pair of boots (worn)
 n - a +2 buckler (worn)
 p - a +0 scale mail (worn)
Jewellery
 i - an amulet of regeneration (around neck)
Scrolls
 d - 2 scrolls of amnesia {unknown}
 f - 2 scrolls of identify {unknown}
 g - a scroll of random uselessness {unknown}
 h - 3 scrolls of teleportation {unknown}
 l - 4 scrolls of enchant weapon {unknown}
 o - a scroll of fog {unknown}
Comestibles
 c - 9 rations {@e1}
 j - 2 chunks of flesh


   Skills:
 + Level 5.2 Fighting
 * Level 6.4 Axes
 - Level 2.0 Armour
 - Level 1.0 Dodging
 - Level 2.0 Invocations


You had 6 spell levels left.
You didn't know any spells.
Your spell library was empty.

Dungeon Overview and Level Annotations

Branches:
Dungeon (4/15)
 Temple: D:4-7

Altars:
Okawaru
Yredelemnul

Annotations:
D:3 1 runed door


Message History

There is a lethal amount of poison in your body!
Unknown command.
There is a lethal amount of poison in your body!
There is a lethal amount of poison in your body!
It was a potion of degeneration.
There was something very wrong with that liquid.
You feel weakened.
You feel dopey.
You feel clumsy.
* * * LOW HITPOINT WARNING * * *
You feel very sick.
There is a lethal amount of poison in your body!
There is a lethal amount of poison in your body!
* * * LOW HITPOINT WARNING * * *
You feel sick.
* * * LOW HITPOINT WARNING * * *
You feel very sick.
* * * LOW HITPOINT WARNING * * *
You feel sick.
* * * LOW HITPOINT WARNING * * *
You feel very sick.
You die...

..oo#......##.###.#
#... o..o
......##..##.# #...
...o #.....###.##.#
#... ...O .....#
#.##.# #... ....
.....# #..#.# #...
..o. ######
##.#.###### ####
#)...%....
##........
#@....... #))......
#........ ..>......
######### ####


There were no monsters in sight!

Vanquished Creatures
  Duvessa (D:4)
  A bullfrog (D:2)
  Dowan (D:4)
  A scorpion (D:3)
  An orc wizard (D:3)
  A bullfrog skeleton (D:4)
  Natasha (D:2)
  2 iguanas (D:3)
  A gnoll (D:3)
  4 adders
  An ooze (D:3)
  A worm (D:3)
  A dart slug (D:2)
  12 orcs
  3 ball pythons (D:2)
  10 bats
  5 giant cockroaches
  2 goblins (D:3)
  6 hobgoblins
  3 jackals (D:2)
  6 kobolds
  5 frilled lizards
  A leopard gecko skeleton (D:4)
  5 rats
  A spectral orc (D:3)
76 creatures vanquished.

Notes
Turn   | Place    | Note
-------+----------+-------------------------------------------
     0 | Abyss:1  | Kriby the Human Abyssal Knight began the quest for the Orb.
     0 | Abyss:1  | Reached XP level 1. HP: 18/18 MP: 2/2
    21 | Abyss:2  | Noticed a thrashing horror
    24 | D:1      | Escaped the Abyss
   165 | D:1      | You fall through a shaft!
   176 | D:2      | Reached * piety under Lugonu
   177 | D:2      | Reached XP level 2. HP: 10/24 MP: 3/3
  1011 | D:2      | Noticed Natasha
  1015 | D:2      | HP: 1/24 [Natasha (4)]
  1022 | D:2      | Noticed a crimson imp
  1023 | D:2      | Killed Natasha
  1023 | D:2      | Reached skill level 3 in Axes
  1023 | D:2      | Reached XP level 3. HP: 21/29 MP: 4/4
  1075 | D:2      | Reached XP level 4. HP: 30/35 MP: 5/5
  1434 | D:2      | Noticed a bullfrog
  1437 | D:2      | Reached skill level 4 in Axes
  1449 | D:2      | Killed a bullfrog
  1449 | D:2      | Reached XP level 5. HP: 13/42 MP: 6/6
  1645 | D:3      | Reached XP level 6. HP: 41/48 MP: 7/7
  1803 | D:3      | Reached ** piety under Lugonu
  1844 | D:3      | Reached skill level 5 in Axes
  1910 | D:3      | Found a basalt altar of Yredelemnul.
  2332 | D:3      | Found an iron altar of Okawaru.
  2418 | D:3      | Found a runed door.
  2625 | D:4      | Noticed Dowan
  2626 | D:4      | Noticed Duvessa
  2741 | D:4      | Noticed an ogre
  3201 | D:4      | Reached XP level 7. HP: 55/55 MP: 8/8
  3231 | D:4      | Killed Duvessa
  3231 | D:4      | Reached skill level 5 in Fighting
  3231 | D:4      | Reached skill level 6 in Axes
  3250 | D:4      | Killed Dowan
  3255 | D:4      | HP: 1/56 [poisoned by Dowan]
  3256 | D:4      | Succumbed to Dowan's poison

Vault maps used:
D:1:      lightli_molten_gateway, minmay_pentomino_t2
D:2:      uniq_natasha
D:3:      yredelemnul_forgotten_temple_becter, first_ration,
          okawaru_altar_gauntlet_db, uniq_crazy_yiuf_cottage
D:4:      serial_shops, nicolae_shop_behind_doors, uniq_ijyb, uniq_duvessa
Abyss:2:  lemuel_flamethrower_3

Skill      XL: |  1  2  3  4  5  6  7 |
---------------+----------------------+-----
Axes           | 3 4 5 6 |  6.4
Fighting       | 4 5 |  5.2
Armour         | |  2.0
Dodging        | |  1.0
Invocations    | |  2.0

Action                   |  1- 3 |  4- 6 |  7- 9 || total
-------------------------+-------+-------+-------++-------
Melee: Hand axe          |    66 |   226 |    46 ||   338
Invok: Depart the Abyss  |     1 |       |       ||     1
  Use: Potion            |     3 |     3 |     1 ||     7
  Eat: Chunk             |       |     8 |       ||     8
Armor: Leather armour    |    23 |    52 |       ||    75
       Scale mail        |       |    31 |     3 ||    34
       Skin              |       |    11 |    35 ||    46
Dodge: Dodged            |    59 |   123 |     7 ||   189
Block: Buckler           |     9 |    54 |     9 ||    72

Table legend:
 A = Spawn XP
 B = Non-spawn XP
 C = Spawn XP percentage of total XP
 D = Spawn monster count
 E = Non-spawn monster count
 F = Spawn count percentage of total count
 G = Total turns spent on level
                    A         B        C        D         E        F      G
               +---------+---------+-------+---------+---------+-------+---------
         Total |       0 |     762 |   0.0 |       0 |      76 |   0.0 |  3256
               +---------+---------+-------+---------+---------+-------+---------
           D:1 |       0 |      15 |   0.0 |       0 |      10 |   0.0 |   799
           D:2 |       0 |     202 |   0.0 |       0 |      25 |   0.0 |   788
           D:3 |       0 |     264 |   0.0 |       0 |      31 |   0.0 |  1384
           D:4 |       0 |     281 |   0.0 |       0 |      10 |   0.0 |   261
               +---------+---------+-------+---------+---------+-------+---------
